 Dungeon Crawl Stone Soup version 0.32-a0-630-g46d191b0ed (webtiles) character file.

Game seed: 8726301816652558027

291 Khashishi the Shooter (level 6, -2/48 HPs)
             Began as a Coglin Hunter on Mar 6, 2024.
             Shot with an arrow by a centaur (12 damage)
             ... on level 5 of the Dungeon.
             The game lasted 00:18:54 (2053 turns).

Khashishi the Shooter (Coglin Hunter)               Turns: 2053, Time: 00:18:55

Health: -2/48      AC:  5    Str: 11    XL:     6   Next: 32%
Magic:  6/6        EV: 12    Int:  8    God:
Gold:   130        SH:  0    Dex: 20    Spells: 5/5 levels left

rFire   + . .        a - +2 sling {Nhalahla}
rCold   + + .        d - +0 sling {Sukanya}
rNeg    . . .        p - +2 leather armour {rC+}
rPois   +            (no helmet)
rElec   +            (no cloak)
rCorr   +            (no gloves)
SInv    .            (no boots)
Will    .....        (amulet unavailable)
Stlth   ++           (ring unavailable)
HPRegen 0.28/turn    (ring unavailable)
MPRegen 0.10/turn    (no gizmo)

%: no passive effects
@: resistant, revved
A: off-hand wielding, slow wielding, warmup strikes, no jewellery
a: Invent Gizmo


You were on level 5 of the Dungeon.
You visited 1 branch of the dungeon, and saw 5 of its levels.

You collected 130 gold pieces.

Inventory:

Hand Weapons
 a - a +2 sling (weapon) {Nhalahla}
 d - a +0 sling (offhand) {Sukanya}
 f - a +2 short sword of venom {Fernando}
Armour
 p - a +2 leather armour of cold resistance (worn)
Wands
 k - a wand of acid (4)
Scrolls
 c - a scroll of fog {unknown}
 e - 2 scrolls of noise {unknown}
 g - a scroll of blinking {unknown}
 j - 2 scrolls of identify {unknown}
 n - a scroll of torment {unknown}
Potions
 b - a potion of resistance
 i - a potion of curing {unknown}
 l - a potion of cancellation {unknown}
 m - a potion of haste {unknown}
 o - a potion of berserk rage {unknown}


   Skills:
 + Level 3.9 Fighting
 + Level 5.6 Ranged Weapons
 - Level 1.8 Dodging
 - Level 0.8 Stealth
 + Level 1.9 Evocations


You had 5 spell levels left.
You didn't know any spells.
Your spell library contained the following spells:

 Spells                   Type           Power      Damage    Failure   Level
 Fugue of the Fallen      Necr           0%         N/A       86%         3
 Ozocubu's Armour         Ice            0%         N/A       86%         3
 Manifold Assault         Tloc           0%         N/A       99%         4
 Metabolic Englaciation   Hex/Ice        0%         N/A       100%        5
 Sculpt Simulacrum        Ice/Alch       0%         N/A       100%        6


Dungeon Overview and Level Annotations

Branches:
Dungeon (5/15)
 Temple: D:4-7

Altars:


Innate Abilities, Weirdness & Mutations

You can wield a second weapon in your off-hand.
It takes a long time for you to wield or remove held weapons.
Your first few attacks do less damage.
You cannot equip rings or amulets.


Message History

You shoot a sling bullet.
The sling bullet barely misses the centaur.
The sling bullet closely misses the orc.
You shoot a sling bullet. The orc shouts!
The sling bullet hits the centaur but does no damage.
The centaur is moderately wounded.
The centaur shoots an arrow.
The arrow hits you!
The centaur shoots an arrow.
The arrow hits you!
* * * LOW HITPOINT WARNING * * *
Okay, then.
Aiming: Corrosive Bolt
Press: ? - help, Shift-Dir - straight line, f - you, p - orc
Okay, then.
Unknown command.
Unknown command.
Unknown command.
Unknown command.
Unknown command.
Unknown command.
Okay, then.
It was a potion of resistance.
You feel protected.
The centaur shoots an arrow.
The arrow misses you.
The centaur shoots an arrow.
The arrow misses you.
It was a potion of magic.
Magic courses through your body.
A jelly comes into view.
The centaur shoots an arrow.
The arrow misses you.
Fire: a) +2 sling {Nhalahla}
Press: ? - help, Q - select action, (/) - cycle Shift-Dir - straight line, f - jelly, p - orc
Aim: a jelly (91% to hit)
You shoot a sling bullet. The sling bullet hits the centaur.
The centaur is heavily wounded.
You shoot a sling bullet.
The sling bullet barely misses the centaur.
The sling bullet hits the jelly.
The jelly is lightly wounded.
The centaur shoots an arrow.
The arrow closely misses you.
The centaur shoots an arrow.
The arrow hits you!
You die...

###.......# ##.# #.
..........##..###..
#..............###
#...........†...
#####†...........#
#................#
#.#######........#
#.# #........###
.####.#
#...@...o...
......#
#.........cJ
.####<#
#........##. #.#
#.>#.##### #.#
#..#.# ... ...#.#
... ....#.# #####
...# #.#


You could see a centaur, a jelly and an orc.

Vanquished Creatures
  A scorpion (D:3)
  A bombardier beetle (D:5)
  3 iguanas
  4 adders
  A white imp (D:5)
  3 dart slugs
  A ribbon worm (D:3)
  3 orcs (D:4)
  5 endoplasms
  4 giant cockroaches
  10 goblins
  8 hobgoblins
  3 jackals (D:2)
  4 quokkas
  4 ball pythons
  7 bats
  3 frilled lizards (D:1)
  7 kobolds
  2 rats (D:1)
74 creatures vanquished.

Notes
Turn   | Place    | Note
-------+----------+-------------------------------------------
     0 | D:1      | Khashishi the Coglin Hunter began the quest for the Orb.
     0 | D:1      | Reached XP level 1. HP: 16/16 MP: 1/1
   126 | D:1      | Reached XP level 2. HP: 22/22 MP: 2/2
   128 | D:1      | Reached skill level 4 in Ranged Weapons
   412 | D:1      | Reached XP level 3. HP: 27/27 MP: 3/3
   806 | D:2      | Found the Hermit's Pendant {Faith Invo=14 Evo=0 MP+5}
   844 | D:2      | Reached XP level 4. HP: 33/33 MP: 4/4
  1275 | D:3      | Reached skill level 5 in Ranged Weapons
  1317 | D:3      | Noticed a scorpion
  1359 | D:3      | Killed a scorpion
  1360 | D:3      | Reached XP level 5. HP: 26/41 MP: 5/5
  1848 | D:4      | Reached skill level 1 in Evocations
  1848 | D:4      | Reached XP level 6. HP: 48/48 MP: 6/6
  2019 | D:5      | Entered Level 5 of the Dungeon
  2053 | D:5      | Shot with an arrow by a centaur

Illustrated notes

Levels and vault maps discovered:
D:1:      psy_arrival_conway, layout_basic, nicolae_the_louvre
D:2:      layout_basic
D:3:      layout_rooms, minmay_misc_feat_x
D:4:      layout_basic, small_statue_intersection
D:5:      layout_loops_ring

Skill      XL: |  1  2  3  4  5 |
---------------+----------------+-----
Ranged Weapons | 4 5 |  5.6
Fighting       | 3 |  3.9
Evocations     | 1 |  1.9
Dodging        | |  1.8
Stealth        | |  0.8

Action                     |  1- 3 |  4- 6 || total
---------------------------+-------+-------++-------
   Fire: Sling             |   130 |   194 ||   324
  Evoke: Wand              |       |     2 ||     2
    Use: Scroll            |       |     1 ||     1
         Potion            |       |     2 ||     2
 Armour: Leather armour    |     4 |    17 ||    21
  Dodge: Dodged            |     7 |     9 ||    16

Table legend: (Time is in decaauts)
 A = Elapsed time spent in this place.
 B = Non-inter-level travel time spent in this place.
 C = Inter-level travel time spent in this place.
 D = Time resting spent in this place.
 E = Time spent auto-exploring this place.
 F = Levels seen in this place.
 G = Mean time per level.
                   A        B        C        D        E       F      G
               +--------+--------+--------+--------+--------+-----+--------+
         Total |   2087 |   2008 |     79 |      0 |      0 |   5 |  417.4 |
       Dungeon |   2087 |   2008 |     79 |      0 |      0 |   5 |  417.4 |
               +--------+--------+--------+--------+--------+-----+--------+

Top non-repeatable levels by time:
     D:1: 699 daAuts
     D:2: 539 daAuts
     D:4: 460 daAuts
     D:3: 351 daAuts
     D:5: 36 daAuts
